 Dungeon Crawl Stone Soup version 0.30-a0-553-g7fabdf1491 (webtiles) character file.

Game seed: 5465888632107502720

3888 Sabo the Protected (level 10, -8/89 HPs)
             Began as an Armataur Fighter on Dec 26, 2022.
             Was a High Priest of Ignis.
             Succumbed to a killer bee's poison
             ... on level 8 of the Dungeon on Dec 27, 2022.
             The game lasted 00:47:23 (10357 turns).

Sabo the Protected (Armataur Fighter)              Turns: 10357, Time: 00:47:24

Health: -8/89      AC: 17    Str: 38    XL:     10   Next: 0%
Magic:  10/10      EV:  4    Int:  9    God:    Ignis [*****.]
Gold:   516        SH: 12    Dex:  9    Spells: 9/9 levels left

rFire   + . .      SeeInvis .    a - +1 war axe
rCold   . . .      Faith    .    v - +0 tower shield
rNeg    . . .      Spirit   .    d - +0 plate armour
rPois   .          Reflect  .    r - +2 hat
rElec   .          Harm     .    f - +0 cloak
rCorr   .          Roll     +    n - +0 pair of gloves
Will    .....                    (no barding) Stlth
                                 (no amulet)
HPRegen 0.34/turn                h - +6 ring of strength
MPRegen 0.12/turn                F - +6 ring of strength

@: lethally poisoned (-8 -> -31), slowed, very slow
A: large, rugged brown scales 3, deformed body, armoured tail, roll, long
tongue, awkward tongue
a: Renounce Religion, Fiery Armour, Foxfire Swarm, Rising Flame


You were on level 8 of the Dungeon.
You worshipped Ignis.
Ignis was extremely pleased with you.
You visited 1 branch of the dungeon, and saw 8 of its levels.
You also visited: Sewer.

You collected 516 gold pieces.

Inventory:

Hand Weapons
 a - a +1 war axe (weapon)
 e - a +3 quarterstaff of chaos
 y - a +2 flail of draining
 C - a +0 rapier of electrocution
 E - a +0 longbow
 H - a +3 great sword
Missiles
 j - 6 javelins (quivered)
 z - 22 poisoned darts
Armour
 c - a +0 buckler
 d - a +0 plate armour (worn)
 f - a +0 cloak (worn)
 n - a +0 pair of gloves (worn)
 r - a +2 hat (worn)
 v - a +0 tower shield (worn)
Jewellery
 h - a +6 ring of strength (left hand)
 B - a ring of resist corrosion
 F - a +6 ring of strength (right hand)
Wands
 p - a wand of polymorph (8)
 u - a wand of flame (17)
 x - a wand of roots (12)
 A - a wand of charming (14)
Scrolls
 g - 4 scrolls of teleportation
 k - 2 scrolls of poison
 l - a scroll of fear {unknown}
 q - a scroll of magic mapping
 s - a scroll of fog {unknown}
Potions
 b - a potion of invisibility {unknown}
 i - a potion of resistance
 m - 2 potions of curing {unknown}
 o - a potion of cancellation {unknown}
 t - 8 potions of flight
 w - a potion of lignification {unknown}
 G - 2 potions of mutation {unknown}


   Skills:
 + Level 6.6 Fighting
 + Level 7.6 Axes
 + Level 10.1 Armour
 + Level 1.3 Dodging
 + Level 0.8 Stealth
 + Level 5.6 Shields


You had 9 spell levels left.
You didn't know any spells.
Your spell library contained the following spells:

 Spells                   Type           Power      Damage    Failure   Level
 Freeze                   Ice            0%         1d3       100%        1
 Kiss of Death            Conj/Necr      0%         2d5       100%        1
 Magic Dart               Conj           0%         1d3       100%        1
 Shock                    Conj/Air       0%         1d3       100%        1
 Slow                     Hex            0%         N/A       100%        1
 Searing Ray              Conj           0%         2d4       100%        2
 Static Discharge         Conj/Air       0%         2-2/arc   100%        2
 Confusing Touch          Hex            0%         N/A       100%        3
 Frozen Ramparts          Ice            0%         1d1       100%        3
 Hailstorm                Conj/Ice       0%         3d3       100%        3
 Ignite Poison            Fire/Tmut/Pois 0%         N/A       100%        3
 Kindle Blastsparks       Fire/Tloc/Air  0%         2d10      100%        3
 Swiftness                Air            0%         N/A       100%        3
 Vampiric Draining        Necr           0%         2d6       100%        3
 Vhi's Electric Charge    Tloc/Air       0%         N/A       100%        3
 Airstrike                Air            0%         2d(0-16)  100%        4
 Dispel Undead            Necr           0%         3d6       100%        4
 Fulminant Prism          Conj/Hex       0%         3d5       100%        4
 Arcjolt                  Conj/Air       0%         1d10      100%        5
 Freezing Cloud           Conj/Ice/Air   0%         6-21      100%        5
 Lightning Bolt           Conj/Air       0%         1d11      100%        5


Dungeon Overview and Level Annotations

Branches:
Dungeon (8/15)             Temple (0/1) D:4           Sewer (visited)
   Lair: D:8-11

Altars:
Ashenzari
Dithmenos
Trog
Uskayaw
Xom
Ignis

Annotations:
D:8 Erica


Innate Abilities, Weirdness & Mutations

You are completely covered in rugged brown scales. (AC +3, +7% HP)
Armour fits poorly on your strangely shaped body.
You have a long armoured tail.
You roll when moving toward enemies. (Rampage)
Your long tongue fully drains potion bottles. (2x potion effects)
Your tongue gives you trouble enunciating. (1.5x scroll delay)


Message History

The killer bee barely misses you. The killer bee stings you.
You are more poisoned.
The killer bee poisons you!
The killer bee attacks as you move away!
The killer bee stings you but does no damage.
You feel very sick.
The killer bee stings you but does no damage. x2
The killer bee barely misses you. x2
The killer bee stings you but does no damage.
The killer bee stings you.
You are more poisoned.
The killer bee poisons you!
The killer bee stings you but does no damage.
You miss the killer bee.
The killer bee is heavily wounded.
You closely miss the killer bee. You completely miss something.
You closely miss the killer bee.
You feel less confused.
You feel extremely sick.
The killer bee stings you but does no damage.
You block the killer bee's attack. x3
The killer bee stings you but does no damage.
The killer bee barely misses you.
The killer bee stings you but does no damage.
The killer bee barely misses you. Something hits you but does no damage.
The killer bee stings you.
* * * LOW HITPOINT WARNING * * *
You are lethally poisoned!
The killer bee poisons you!
The killer bee stings you but does no damage.
You hear a zap.
A bolt of acid appears from out of thin air!
The bolt of acid hits you!!
* * * LOW HITPOINT WARNING * * *
The killer bee stings you but does no damage. x3
You block the killer bee's attack.
Something unexpectedly blocked you, preventing you from rolling!
You barely miss something.
Your tail-slap misses something.
You miss the killer bee. x4
You die...

###########
##..........
##...........
#..yy>.......
#..@{y.......
#..yy........
#............ ###
#............ #.#
##...........
#.#####..........
#......######.###
##.###.## .#
#<.##..### #


You could see 5 killer bees.

Vanquished Creatures
  A two-headed ogre (D:8)
  Joseph (D:7)
  Sigmund (D:4)
  Eustachio (D:4)
  A steam dragon (D:7)
  2 water moccasins
  An orc warrior (D:6)
  3 ice beasts
  5 centaurs
  An ogre (D:6)
  2 phantoms
  2 kobold brigands
  A bullfrog (D:7)
  A necrophage (D:4)
  Blork the orc (D:6)
  2 gnoll sergeants
  A scorpion (D:6)
  A wight (D:6)
  An orc priest (D:6)
  3 gnoll boudas (D:6)
  2 hounds
  An iguana (D:6)
  Crazy Yiuf (D:2)
  2 orc wizards (D:6)
  21 gnolls
  16 adders
  3 river rats (Sewer)
  2 white imps
  3 ufetubi
  A worm (Sewer)
  A dart slug (D:3)
  5 orcs (D:6)
  13 bats
  6 endoplasms
  5 giant cockroaches
  3 goblins
  9 hobgoblins
  8 jackals
  10 quokkas
  21 ball pythons
  5 frilled lizards
  13 kobolds
  2 rats
185 creatures vanquished.

Vanquished Creatures (others)
  28 fungi
28 creatures vanquished.

Grand Total: 213 creatures vanquished

Notes
Turn   | Place    | Note
-------+----------+-------------------------------------------
     0 | D:1      | Sabo the Armataur Fighter began the quest for the Orb.
     0 | D:1      | Reached XP level 1. HP: 19/19 MP: 1/1
   285 | D:1      | Reached XP level 2. HP: 26/26 MP: 2/2
   568 | D:1      | Reached skill level 4 in Armour
  1157 | D:2      | Reached XP level 3. HP: 28/32 MP: 3/3
  1334 | D:2      | Found a runed translucent door.
  1837 | D:2      | Reached XP level 4. HP: 34/40 MP: 4/4
  2396 | D:2      | Noticed Crazy Yiuf
  2403 | D:2      | Killed Crazy Yiuf
  2662 | D:3      | Found a glowing drain.
  2678 | Sewer    | Entered a sewer
  2696 | Sewer    | Reached XP level 5. HP: 33/48 MP: 5/5
  3504 | Sewer    | Reached skill level 5 in Armour
  3728 | D:3      | Found a faded altar of an unknown god.
  3740 | D:3      | Prayed at the altar of an unknown god.
  3740 | D:3      | Became a worshipper of Ignis, the Dying Flame
  4594 | D:4      | Reached XP level 6. HP: 53/54 MP: 6/6
  4708 | D:4      | Reached skill level 1 in Dodging
  4870 | D:4      | Noticed Sigmund
  4877 | D:4      | Killed Sigmund
  4878 | D:4      | Reached XP level 7. HP: 57/60 MP: 7/7
  5043 | D:4      | Found a staircase to the Ecumenical Temple.
  5258 | D:4      | Noticed Eustachio
  5286 | D:4      | Killed Eustachio
  5287 | D:4      | Reached skill level 5 in Axes
  5698 | D:5      | Entered Level 5 of the Dungeon
  5718 | D:5      | Found a shadowy altar of Dithmenos.
  5827 | D:5      | Reached skill level 6 in Armour
  6214 | D:5      | Found a bloodstained altar of Trog.
  6826 | D:6      | Reached XP level 8. HP: 26/70 MP: 8/8
  6991 | D:6      | Reached skill level 7 in Armour
  7075 | D:6      | HP: 3/71 [orc warrior/+0 hand axe (3)]
  7703 | D:6      | Noticed Blork the orc
  7709 | D:6      | Killed Blork the orc
  7710 | D:6      | Reached skill level 8 in Armour
  7710 | D:6      | Found a broken altar of Ashenzari.
  7830 | D:6      | Reached skill level 5 in Fighting
  8046 | D:6      | Found a shimmering altar of Xom.
  8046 | D:6      | Found a hide-covered altar of Uskayaw.
  8680 | D:6      | Reached XP level 9. HP: 52/79 MP: 9/9
  8908 | D:7      | Noticed Joseph
  8919 | D:7      | Killed Joseph
  8920 | D:7      | Reached skill level 9 in Armour
  9189 | D:7      | Reached skill level 5 in Shields
  9907 | D:8      | Noticed a two-headed ogre
  9917 | D:8      | Killed a two-headed ogre
  9918 | D:8      | Reached skill level 10 in Armour
 10111 | D:8      | Reached XP level 10. HP: 48/89 MP: 10/10
 10344 | D:8      | Noticed Erica
 10356 | D:8      | HP: 1/89 [something/bolt of acid (21)]
 10357 | D:8      | Succumbed to a killer bee's poison

Illustrated notes

Levels and vault maps discovered:
D:1:      erik_arrival_cave_to_civilisation [erik_arrival_cave_to_hall],
          layout_basic, minmay_misc_feat_encased, minivault_25
D:2:      layout_basic, uniq_crazy_yiuf_cottage
D:3:      layout_basic, portal_sewer_entry_d, hellmonk_ecumenical_altar_zigzags,
          minmay_unequal
D:4:      layout_loops_ring, minmay_temple_entry_arrows, uniq_eustachio,
          uniq_sigmund
D:5:      layout_basic, mainiacjoe_overflow_brackets, trog_book
D:6:      nicolae_cairo_tiling_large_dashed, layout_basic,
          mainiacjoe_overflow_tiny_flanked, jmf_multi_god_temple, serial_curves,
          eino_curves_04, eino_curves_01, uniq_blork_the_orc
D:7:      layout_rooms, uniq_joseph
D:8:      layout_rooms, mainiacjoe_overflow_cross_hatched, hex_tiny, uniq_erica

Skill      XL: |  1  2  3  4  5  6  7  8  9 |
---------------+----------------------------+-----
Armour         | 4 5 6 8 10 | 10.1
Axes           | 2 3 4 5 6 7 |  7.6
Fighting       | 3 5 6 |  6.6
Dodging        | 1 |  1.3
Shields        | 4 5 |  5.6
Stealth        | |  0.8

Action                   |  1- 3 |  4- 6 |  7- 9 | 10-12 || total
-------------------------+-------+-------+-------+-------++-------
Melee: War axe           |   110 |   188 |   269 |     8 ||   575
       Tailslap          |    12 |    17 |    33 |     1 ||    63
Invok: Fiery Armour      |       |       |     2 |       ||     2
  Use: Scroll            |     4 |     1 |     6 |       ||    11
       Potion            |       |     2 |     2 |       ||     4
Armor: Scale mail        |    80 |    80 |       |       ||   160
       Chain mail        |       |    65 |    93 |       ||   158
       Plate armour      |       |       |   162 |    39 ||   201
Dodge: Dodged            |    37 |   101 |   133 |     8 ||   279
Block: Buckler           |    18 |    51 |    68 |     1 ||   138
       Tower shield      |       |       |       |     7 ||     7

Table legend: (Time is in decaauts)
 A = Elapsed time spent in this place.
 B = Non-inter-level travel time spent in this place.
 C = Inter-level travel time spent in this place.
 D = Time resting spent in this place.
 E = Time spent auto-exploring this place.
 F = Levels seen in this place.
 G = Mean time per level.
                   A        B        C        D        E       F      G
               +--------+--------+--------+--------+--------+-----+--------+
         Total |  10520 |  10520 |      0 |   2258 |      0 |   9 | 1168.9 |
       Dungeon |   9611 |   9611 |      0 |   2048 |      0 |   8 | 1201.4 |
         Sewer |    909 |    909 |      0 |    210 |      0 |   1 |  909.0 |
               +--------+--------+--------+--------+--------+-----+--------+

Top non-repeatable levels by time:
     D:6: 2192 daAuts
     D:2: 1584 daAuts
     D:4: 1168 daAuts
     D:3: 1126 daAuts
     D:5: 1049 daAuts
     D:1: 1018 daAuts
     D:7: 1009 daAuts
   Sewer: 909 daAuts
     D:8: 462 daAuts
